 Dungeon Crawl Stone Soup version 0.20.1-1-g8b1a95d (webtiles) character file.

175 JackS81 the Skirmisher (level 5, 0/47 HPs)
             Began as a Hill Orc Abyssal Knight on Aug 14, 2017.
             Was a Priest of Lugonu.
             Succumbed to a gnoll's poison
             ... on level 3 of the Dungeon.
             The game lasted 00:14:30 (2067 turns).

JackS81 the Skirmisher (Hill Orc Abyssal Knight)    Turns: 2067, Time: 00:14:31

Health: 0/47       AC:  6    Str: 19 (21) XL:     5   Next: 55%
Magic:  7/7        EV: 10    Int: 12 (15) God:    Lugonu [***...]
Gold:   123        SH:  0    Dex:  7 (10) Spells: 4/4 levels left

rFire    . . .     SeeInvis .   a - +1 falchion
rCold    . . .     Gourm    .   (no shield)
rNeg     . . .     Faith    .   n - +0 ring mail
rPois    .         Spirit   .   f - +1 hat
rElec    .         Reflect  .   (no cloak)
rCorr    .         Harm     .   (no gloves)
MR       .....                  (no boots)
Stlth    +.........             (no amulet)
Regen    0.2/turn               p - ring of stealth
MPRegen  0.1/turn               v - +3 ring of intelligence

@: mighty, lethally poisoned (0 -> -1)
A: no striking features
a: Depart the Abyss, Bend Space, Banish, Renounce Religion


You were on level 3 of the Dungeon.
You worshipped Lugonu.
Lugonu was most pleased with you.
You were not hungry.

You visited 1 branch of the dungeon, and saw 3 of its levels.
You visited the Abyss 1 time.

You collected 123 gold pieces.

Inventory:

Hand Weapons
 a - a +1 falchion (weapon)
 m - a +0 mace
Missiles
 e - 71 stones
 j - 56 arrows
 l - 30 sling bullets
 q - 3 tomahawks (quivered)
Armour
 b - a +0 leather armour
 f - a +1 hat (worn)
 n - a +0 ring mail (worn)
Jewellery
 p - a ring of stealth (left hand)
 v - a +3 ring of intelligence (right hand)
Scrolls
 d - 4 scrolls of identify {unknown}
 h - a scroll of blinking {unknown}
 o - a scroll of recharging {unknown}
 s - 2 scrolls of amnesia {unknown}
 u - a scroll of teleportation {unknown}
 w - a scroll of fog {unknown}
Potions
 r - a potion of degeneration
 t - a potion of curing {unknown}
Comestibles
 c - 3 bread rations
 g - 5 chunks of flesh
 i - a meat ration


   Skills:
 + Level 4.6 Fighting
 + Level 3.7 Long Blades
 * Level 4.2 Armour
 - Level 0.7 Dodging
 - Level 0.1 Stealth
 + Level 2.8 Invocations


You had 4 spell levels left.
You didn't know any spells.

Dungeon Overview and Level Annotations

Branches:
Dungeon (3/15)

Altars:


Message History

* * * LOW HITPOINT WARNING * * *
The gnoll hits you but does no damage.
You feel sick.
You feel sick.
You feel sick.
You feel sick.
You feel sick.
You feel sick.
You feel sick.
You feel sick.
It was a potion of degeneration.
There was something very wrong with that liquid.
You feel weakened.
You feel dopey.
You feel clumsy. The gnoll hits you.
* * * LOW HITPOINT WARNING * * *
* * * LOW HITPOINT WARNING * * *
You feel sick.
It was a potion of might.
You feel very mighty all of a sudden.
You die...

#####.######.###..#.....)...#.
#.# #.###....#......... #.#
#.##............... #.#
#............#.#.## #.#
####.....##.##.#.# #.#
####>...........# #.#
#..........##.###
#.#######.###########.#
#.....@.gg...# #.#
#.####.#####.# #.# #.# #.# #.#
#... #g# #.# .##. #.# #.# #.
#. #.# #.# #.##.###.# #.#
#.#...##.# #.# ###......#.#
#.#


You could see 2 gnolls.

Vanquished Creatures
  2 orc wizards (D:3)
  The ghost of letownia the Insei, a weakling OpTm (D:3)
  2 gnolls (D:3)
  2 adders
  2 oozes
  A worm (D:2)
  2 leopard geckos
  3 orcs (D:3)
  3 giant cockroaches
  6 goblins (D:2)
  7 hobgoblins
  10 jackals
  A quokka (D:2)
  2 ball pythons (D:2)
  9 bats
  A frilled lizard (D:1)
  6 kobolds
  7 rats
67 creatures vanquished.

Notes
Turn   | Place    | Note
-------+----------+-------------------------------------------
     0 | Abyss:1  | JackS81 the Hill Orc Abyssal Knight began the quest for the Orb.
     0 | Abyss:1  | Reached XP level 1. HP: 19/19 MP: 2/2
    10 | D:1      | Escaped the Abyss
   157 | D:1      | Reached XP level 2. HP: 23/27 MP: 3/3
   842 | D:1      | Reached XP level 3. HP: 33/33 MP: 5/5
   856 | D:1      | Reached ** piety under Lugonu
  1216 | D:2      | Reached XP level 4. HP: 17/41 MP: 4/6
  1715 | D:3      | Reached XP level 5. HP: 23/47 MP: 7/7
  1901 | D:3      | Reached *** piety under Lugonu
  1970 | D:3      | Noticed letownia's ghost (weakling OpTm)
  1986 | D:3      | Killed letownia's ghost
  2061 | D:3      | HP: 2/47 [gnoll (2)]
  2067 | D:3      | Succumbed to a gnoll's poison

Skill      XL: |  1  2  3  4 |
---------------+-------------+-----
Fighting       | 4 |  4.6
Armour         | 3 4 |  4.2
Long Blades    | 3 |  3.7
Dodging        | |  0.7
Stealth        | |  0.1
Invocations    | |  2.8

Action                   |  1- 3 |  4- 6 || total
-------------------------+-------+-------++-------
Melee: Falchion          |   105 |   145 ||   250
Throw: Tomahawk          |       |     3 ||     3
Invok: Bend Space        |     1 |       ||     1
  Use: Potion            |       |     2 ||     2
  Eat: Chunk             |     1 |     3 ||     4
Armor: Leather armour    |    18 |       ||    18
       Ring mail         |    30 |    53 ||    83
Dodge: Dodged            |    66 |    65 ||   131
       Rpst.: Falchion   |    22 |    20 ||    42
